Cogmind - Beta 16 @@@ ROGUE MODE // 2026.01.26 @ 22:15:52 Player: TheAnonymousOne Result: Self-destructed Performance ------------- Evolutions (2) 1000 Regions Visited (4) 800 Robots Destroyed (18) 90 Value Destroyed (346) 346 Prototype IDs (1) 20 Alien Tech Used (0) 0 Bonus (0) 0 TOTAL SCORE: 2256 Bonus ------- None Cogmind --------- Core Integrity 543/550 Matter 2/300 Energy 125/125 System Corruption 0% Temperature Cool (1) Movement Flying (40) Location -8/Materials Parts ------- > --- POWER (2) -------- Light Ion Engine > --- PROPULSION (4) --- Flight Unit > --- UTILITY (3) ------ Improved Heat Sink > --- WEAPON (2) ------- (None) > --- INVENTORY (5) ---- Cesium-ion Thruster Improved Light Armor Plating Beam Cannon Mini Grenade Launcher Mini Grenade Launcher Peak State ------------ > --- POWER ------------ Light Ion Engine Light Ion Engine > --- PROPULSION ------- Flight Unit Flight Unit Flight Unit > --- UTILITY ---------- Improved Heat Sink > --- WEAPON ----------- Beam Cannon Mini Grenade Launcher > --- INVENTORY -------- Light Assault Rifle [Rating: 11] Favorites ----------- Power Light Ion Engine Engine Light Ion Engine Propulsion Light Treads Treads Light Treads Flight Unit Flight Unit Utility Small Storage Unit Device Improved Heat Sink Storage Small Storage Unit Weapon Light Assault Rifle Energy Gun Improved Medium Laser Energy Cannon Beam Cannon Ballistic Gun Light Assault Rifle Launcher Grenade Launcher Build | -11 -10 -9 -9 -8 ------- Run | Yrd Mat Mat Min Mat Slots Evolved 4 | . . 2 . 2 Power 1 | . . 1 . . Propulsion 2 | . . 1 . 1 Utility 1 | . . . . 1 Weapon . | . . . . . Parts Attached 19 | 6 2 11 . . Power 3 | 1 . 2 . . Engine 3 | 1 . 2 . . Core . | . . . . . Reactor . | . . . . . Propulsion 6 | 2 . 4 . . Treads 2 | 2 . . . . Leg . | . . . . . Wheel . | . . . . . Hover . | . . . . . Flight 4 | . . 4 . . Utility 3 | 1 1 1 . . Device 1 | . . 1 . . Storage 2 | 1 1 . . . Processor . | . . . . . Hackware . | . . . . . Protection . | . . . . . Artifact . | . . . . . Weapon 7 | 2 1 4 . . Energy Gun 1 | . . 1 . . Energy Cannon 1 | . . 1 . . Ballistic Gun 2 | 2 . . . . Ballistic Cannon . | . . . . . Launcher 3 | . 1 2 . . Special Weapon . | . . . . . Impact Weapon . | . . . . . Slashing Weapon . | . . . . . Piercing Weapon . | . . . . . Special Melee Weapon . | . . . . . Unidentified Prototypes 1 | . . 1 . . Parts Lost 7 | . . 7 . . Power 2 | . . 2 . . Propulsion 4 | . . 4 . . Utility . | . . . . . Weapon 1 | . . 1 . . Highest Loss Streak 4 | . . 4 . . To Critical Strikes . | . . . . . Average Backups 4 | 2 6 4 3 4 Power . | . 1 . . . Propulsion 1 | . 2 1 . . Utility . | . . . . . Weapon 2 | . 2 2 3 3 Tool/Special . | . . . . . Unused Backups 5 | . . 3 . 2 Power . | . . . . . Propulsion 2 | . . 2 . . Utility 1 | . . . . 1 Weapon 2 | . . 1 . 1 Tool/Special . | . . . . . Average Slot Usage (%) 69 | . 85 55 33 27 Engine 12 | . 14 11 11 9 Treads 19 | . 28 10 . . Flight 4 | . . 10 11 9 Device 1 | . . 2 11 9 Storage 9 | . 14 5 . . Energy Cannon 1 | . . 4 . . Ballistic Gun 10 | . 17 1 . . Launcher 9 | . 11 10 . . Peak Build Rating 11 | 6 7 11 5 6 Average Rating 5 | 4 6 5 5 5 On Entrance 5 | . 6 7 7 5 Avg Prop Armor Cover (%) . | . . . . . Naked Turns 5 | . . 5 . . Heaviest Build 12 | 10 12 12 4 4 Greatest Support 40 | 40 40 40 5 5 Greatest Overweight (x) 1 | . . 1 . . Average Overweight (x) . | . . . . . Largest Inventory Capacity 20 | 8 20 8 5 5 Average Capacity 7 | 7 8 6 5 5 Most Carried 8 | 4 8 8 3 5 Average Carried 4 | 2 6 4 3 4 Final Capacity 8 | 8 8 5 5 5 Final Carried 8 | 4 8 2 3 5 Class Distribution -------------------- 100% | Mutant Dominant Class ---------------- Mutant | -10/Materials Mutant | -9/Materials Mutant | -9/Mines Mutant | -8/Materials Resources | -11 -10 -9 -9 -8 ----------- Run | Yrd Mat Mat Min Mat Matter Collected 273 | 194 15 64 . . Remotely . | . . . . . Salvage Created 274 | . 148 126 . . Parts 26 | . 8 18 . . Haulers Intercepted . | . . . . . Recyclers Shooed . | . . . . . Parts Field Recycled . | . . . . . Retrieved Matter . | . . . . . Parts Self-Destructed . | . . . . . Prevented . | . . . . . Parts Restored . | . . . . . Kills | -11 -10 -9 -9 -8 ------- Run | Yrd Mat Mat Min Mat Combat Hostiles Destroyed 15 | . 4 11 . . Guns 2 | . 2 . . . Cannons 3 | . . 3 . . AOE 10 | . 2 8 . . Classes Destroyed 5 | . 2 3 . . Worker 1 | . . 1 . . Recycler 1 | . 1 . . . Watcher 1 | . . 1 . . Swarmer 10 | . . 10 . . Grunt 5 | . 4 1 . . Best Kill Streak 9 | . 3 9 . . Combat Bots Only 7 | . 2 7 . . Max Kills in Single Turn 3 | . 2 3 . . Gunslinging . | . . . . . Exploded 3 | . 1 3 . . Melee . | . . . . . Uniques/NPCs Destroyed . | . . . . . Combat | -11 -10 -9 -9 -8 -------- Run | Yrd Mat Mat Min Mat Hostile Shots Fired 57 | . 22 32 . 3 Missed 18 | . 7 10 . 1 Hits 39 | . 15 22 . 2 Projectile 39 | . 15 22 . 2 Damage Taken 685 | . 196 476 . 13 Core 61 | . 21 33 . 7 Absorbed by Shields . | . . . . . Regen/Repaired (Parts) 29 | . 29 . . . Core Remaining (%) 94 | 100 91 . 91 . Volleys Fired 31 | . 10 21 . . Largest 2 | . 2 2 . . Hottest 90 | . 50 90 . . Shots Fired 47 | . 19 28 . . Gun 11 | . 11 . . . Cannon 18 | . . 18 . . Launcher 18 | . 8 10 . . Special . | . . . . . Kinetic 11 | . 11 . . . Thermal 18 | . . 18 . . Explosive 18 | . 8 10 . . Electromagnetic . | . . . . . Robot Hit Streak 4 | . 3 4 . . Robot Miss Streak 2 | . 2 2 . . Penetration Max . | . . . . . Secondary Targets . | . . . . . Shots Hit Robots 24 | . 9 15 . . Core Hits 29 | . 7 22 . . Critical Kills . | . . . . . Critical Parts Destroyed . | . . . . . Critical Strikes . | . . . . . Melee Attacks . | . . . . . Impact . | . . . . . Slashing . | . . . . . Piercing . | . . . . . Sneak Attacks . | . . . . . Combat Hostiles . | . . . . . Follow-up Attacks . | . . . . . Damage Inflicted 1129 | . 354 775 . . Guns 39 | . 39 . . . Cannons 140 | . . 140 . . Explosions 944 | . 315 629 . . Melee . | . . . . . Ramming 6 | . . 6 . . Kinetic 39 | . 39 . . . Thermal 140 | . . 140 . . Explosive 944 | . 315 629 . . Electromagnetic . | . . . . . Impact . | . . . . . Slashing . | . . . . . Piercing . | . . . . . Highest Corruption 6 | . . 6 6 . Average Corruption 6 | . . 6 6 . Corruption Purged . | . . . . . Corruption Blocked . | . . . . . Effects 8 | . . 6 2 . Message Errors 2 | . . 1 1 . Matter Fused 2 | . . 2 . . Heat Flow Errors 1 | . . 1 . . Energy Discharges 1 | . . . 1 . Data Loss (major) 2 | . . 2 . . Overload Shots . | . . . . . Overflow Damage 94 | . 21 73 . . Projectiles . | . . . . . Explosions 94 | . 21 73 . . Melee . | . . . . . Knockbacks . | . . . . . Impact . | . . . . . Kinetic . | . . . . . Secondary . | . . . . . Self-Inflicted Damage 94 | . . 94 . . Shots 3 | . . 3 . . Rammed 2 | . . 2 . . Targets Rammed 2 | . . 2 . . Kicked . | . . . . . Crushed . | . . . . . Highest Temperature 227 | . 34 227 . . Average Temperature 42 | . 16 51 . . Received Heat Transfer 144 | . 108 36 . . Siege Activations . | . . . . . Martial Activations . | . . . . . Shielding Activations . | . . . . . Robots Disrupted . | . . . . . Combat Hostiles . | . . . . . Robots Corrupted . | . . . . . Combat Hostiles . | . . . . . Parts Fried . | . . . . . Impact Corruptions . | . . . . . Robots Melted . | . . . . . Combat Hostiles . | . . . . . Parts Melted 1 | . . 1 . . Heat Transferred 296 | . . 296 . . Parts Sabotaged . | . . . . . Parts Stolen . | . . . . . Parts Stripped . | . . . . . Power Chain Reactions . | . . . . . Alert | -11 -10 -9 -9 -8 ------- Run | Yrd Mat Mat Min Mat Maximum Alert Level 1 | . . 1 . . Low Security (%) 94 | 100 100 79 100 100 Level 1 5 | . . 20 . . Level 2 . | . . . . . Level 3 . | . . . . . Level 4 . | . . . . . Level 5 . | . . . . . High Security . | . . . . . Max Security . | . . . . . Peak Influence 245 | . 74 245 90 35 Initial 90 | . . 27 90 27 Average 39 | . 17 90 84 30 Influence Increases 549 | . 168 373 . 8 Destroy 0b10 Robot/C 300 | . 80 220 . . Destroy 0b10 Robot/NC 15 | . 5 10 . . Destroy Leader 52 | . 20 32 . . Successful Hack 34 | . 26 . . 8 Disable Machine 60 | . . 60 . . Destroy Structure 88 | . 37 51 . . Influence Decreases 524 | . 102 206 163 53 Entered New Map 225 | . . 39 143 43 Time Decay 229 | . 102 97 20 10 Lost Part 70 | . . 70 . . Squads Dispatched 1 | . 1 . . . Investigation 1 | . 1 . . . Extermination . | . . . . . Reinforcement . | . . . . . Assault . | . . . . . Garrison . | . . . . . Intercept . | . . . . . Searches Triggered . | . . . . . Construction Impeded . | . . . . . Haulers Reinforced . | . . . . . Active Scanning Responses . | . . . . . Cargo Convoy Interrupts . | . . . . . Stealth | -11 -10 -9 -9 -8 --------- Run | Yrd Mat Mat Min Mat Distress Signals 2 | . . 2 . . Communications Jammed . | . . . . . Distress Signals . | . . . . . Times Spotted 23 | . 6 14 . 3 Peak Tracking Total 6 | . 3 6 . 4 Tactical Retreats . | . . . . . Traps | -11 -10 -9 -9 -8 ------- Run | Yrd Mat Mat Min Mat Traps Triggered 1 | . 1 . . . Indirectly . | . . . . . Trap Hack Attempts . | . . . . . Triggered . | . . . . . Disarmed . | . . . . . Reprogrammed . | . . . . . Reused . | . . . . . Traps Extracted . | . . . . . Installed . | . . . . . Triggered . | . . . . . Machines | -11 -10 -9 -9 -8 ---------- Run | Yrd Mat Mat Min Mat Machines Disabled 4 | . . 4 . . Max in Single Turn 2 | . . 2 . . Machines Repaired . | . . . . . Machines Dismantled . | . . . . . Machines Sabotaged . | . . . . . Overloaded Fab Kills . | . . . . . Hacking | -11 -10 -9 -9 -8 --------- Run | Yrd Mat Mat Min Mat Machines Accessed 4 | . 2 1 . 1 Terminals 2 | . 1 . . 1 Fabricators . | . . . . . Repair Stations 1 | . 1 . . . Recycling Units . | . . . . . Scanalyzers 1 | . . 1 . . Garrison Access . | . . . . . Total Hacks 9 | . 3 4 . 2 Successful 7 | . 3 3 . 1 Failed 1 | . . . . 1 Catastrophic . | . . . . . Database Lockouts 1 | . . 1 . . Manual 3 | . 1 . . 2 Terminals 3 | . 1 . . 2 Fabricators . | . . . . . Repair Stations 2 | . 2 . . . Recycling Units . | . . . . . Scanalyzers 4 | . . 4 . . Garrison Access . | . . . . . Terminal Hacks 1 | . . . . 1 Fabricator Index 1 | . . . . 1 Fabricator Hacks . | . . . . . Repair Station Hacks 2 | . 2 . . . Scan Component 1 | . 1 . . . Repair 1 | . 1 . . . Recycling Unit Hacks . | . . . . . Scanalyzer 3 | . . 3 . . Insert Component 1 | . . 1 . . Analyze 1 | . . 1 . . Retrieve Study 1 | . . 1 . . Garrison Access Hacks . | . . . . . Unauthorized Hacks 1 | . 1 . . . Terminals 1 | . 1 . . . Botnet 1 | . 1 . . . Fabricators . | . . . . . Repair Stations . | . . . . . Recycling Units . | . . . . . Scanalyzers . | . . . . . Garrison Access . | . . . . . Data Cores Recovered . | . . . . . Used . | . . . . . Hacking Detections 2 | . . 1 . 1 Full Trace Events 1 | . . 1 . . Feedback Events . | . . . . . Feedback Blocked . | . . . . . Robot Schematics Acquired . | . . . . . Robots Built . | . . . . . Authchips . | . . . . . Time . | . . . . . Total Robot Build Rating . | . . . . . Part Schematics Acquired 1 | . . 1 . . Parts Built . | . . . . . Authchips . | . . . . . Time . | . . . . . Total Part Build Rating . | . . . . . Part Studies Acquired 1 | . . 1 . . Parts Repaired 1 | . 1 . . . Time 19 | . 19 . . . Parts Recycled . | . . . . . Recycled Matter . | . . . . . Retrieved Matter . | . . . . . Retrieved Components . | . . . . . Parts Scanalyzed 1 | . . 1 . . Part Schematics Acquired 1 | . . 1 . . Parts Damaged . | . . . . . Bothacking | -11 -10 -9 -9 -8 ------------ Run | Yrd Mat Mat Min Mat Used RIF Installer . | . . . . . Robots Hacked . | . . . . . Non-combat . | . . . . . Combat . | . . . . . Robot Hacks Applied . | . . . . . Relay Couplers Released . | . . . . . Fabnet Peak Effective % . | . . . . . Robots Rewired . | . . . . . Allies Hacked . | . . . . . Hacks Repelled . | . . . . . Allies | -11 -10 -9 -9 -8 -------- Run | Yrd Mat Mat Min Mat Total Allies . | . . . . . Largest Group . | . . . . . Highest-Rated Group . | . . . . . Highest-Rated Ally . | . . . . . Total Orders . | . . . . . Ally Attacks . | . . . . . Total Damage . | . . . . . Kills . | . . . . . Allies Corrupted . | . . . . . Allies Melted . | . . . . . Intel | -11 -10 -9 -9 -8 ------- Run | Yrd Mat Mat Min Mat Active Infowar (turns) . | . . . . . Robot Analysis Total . | . . . . . Derelict Logs Recovered 1 | . . . 1 . Drone Launches . | . . . . . Drone Recoveries . | . . . . . Exploration | -11 -10 -9 -9 -8 ------------- Run | Yrd Mat Mat Min Mat Turns Passed 783 | 86 408 220 41 28 Spaces Moved 623 | 49 220 192 102 60 Core 15 | 7 . 8 . . Treads 317 | 42 220 55 . . Legs . | . . . . . Wheels . | . . . . . Hover . | . . . . . Flight 291 | . . 129 102 60 Fastest Speed 34 | 50 160 34 40 40 Average Speed 101 | 144 160 74 40 40 Slowest Speed 160 | 160 160 160 40 40 Overloaded Moves . | . . . . . Propulsion Burnouts . | . . . . . Robots Hopped 2 | . . 2 . . Potential Cave-ins . | . . . . . Cave-ins Triggered 1 | . . 1 . . Exploration Rate (%) 22 | 3 34 26 42 9 Regions Visited 4 Branch Regions 1 Pre-discovered Areas . | . . . . . Known Exits Taken . | . . . . . Unknown Exits Taken 4 | 1 1 1 1 . Scrap Searched . | . . . . . Spaces Dug 8 | . . 8 . . Terrain Destroyed 90 | . 36 54 . . Melee . | . . . . . Projectile . | . . . . . AOE 90 | . 36 54 . . Terrain Rammed . | . . . . . Walls Destroyed . | . . . . . Machines Disabled . | . . . . . Actions | -11 -10 -9 -9 -8 --------- Run | Yrd Mat Mat Min Mat Total 728 | 64 258 240 102 64 Wait 19 | . 19 . . . Move 615 | 48 219 187 101 60 Hop 2 | . . 2 . . Pick Up 23 | 10 6 4 . 3 Fast Attach 4 | . . 4 . . Attach 13 | 6 . 7 . . Detach 4 | . . 3 1 . Swap 4 | . 3 1 . . Drop 11 | . 1 9 . 1 Fire 31 | . 10 21 . . Melee . | . . . . . Ram 2 | . . 2 . . Kick . | . . . . . Crush . | . . . . . Escape Stasis . | . . . . . Rewire . | . . . . . Trap . | . . . . . Miscellaneous . | . . . . . Route ------- -11/Scrapyard -10/Materials -9/Materials -9/Mines -8/Materials History --------- Turn | Location | Event 46 | -11/Scrapyard | Discovered new exit (range 15) 87 | -11/Scrapyard | Entered Materials 242 | -10/Materials | Repaired Imp. Heat Sink 315 | -10/Materials | Build established: Mutant 354 | -10/Materials | Discovered new exit (range 3) 495 | -10/Materials | Entered another Materials area 495 | -9/Materials | Evolved 2 slots: Power x1, Propulsion x1 590 | -9/Materials | Crushed by falling debris 621 | -9/Materials | Lost 3 parts (1p1n1w) 627 | -9/Materials | Central database locked down 710 | -9/Materials | Discovered new exit (range 12) 714 | -9/Materials | Destroyed 7 combat bots 715 | -9/Materials | Entered Mines 724 | -9/Mines | Learned Materials garrison access intel 727 | -9/Mines | Lost 4 parts (1p3n) 738 | -9/Mines | Met a Derelict bent on vengeance 752 | -9/Mines | Discovered new exit (range 9) 756 | -9/Mines | Entered Materials 756 | -8/Materials | Evolved 2 slots: Propulsion x1, Utility x1 757 | -8/Materials | Loaded intel: 1 garrison access location 784 | -8/Materials | Self-destructed Last Messages --------------- Something is scanning the area. K-01 Serf collects debris. Acquired derelict log, extracted data. Data stored: Materials garrison access intel. 5 QFQHWTZHVBX K7PBMG=#XBT =|DKRBES=XXVY0 System corrupted: Energy discharge (-28). EXIT=FOUND PARAMETERS=PROPULSION+1,UTILITY+1 LOCATION=UNKNOWN GOAL=ESCAPE Loading Materials garrison access intel (x1)... Acquired Imp. Light Armor Plating. Connecting with Terminal... Current location identified: Materials >>Index(Fabricators) No fabricators found. Acquired Mni. Grenade Launcher. K-01 Serf collects debris. Dropped Lgt. Assault Rifle. Acquired Cesium-ion Thruster. Map ----- +----------------------------------------------------+ | ????????????????????????????? | | ????????????????????????????? | | ????????????????????????????? | | ????????????????????????????? | | ????????????????????????????? | | ????????????????????????????? | | ????????????????????????????? | | ????????????????????????????? | | ????????????????????????????? | | ????????????????????????????? | | ?????????? ???????????????? | | ?????????? #??????????????? | | ?????????? #??????????????? | | ?????????? #??????????????? | | ?????????? #??????????????? | | ?????????# #??????????????? | | ?????????# #??????????????? | | ?????????# #??????????????? | | ?????????# #??????????????? | | ?????????# #??????????????? | | ??######## #??????????????? | | ??# """" # ###+####### ???? | | ??# ""R" # ???? | | ??# "" " # ???? | | ??# # ???????? | | ??# @ / + #??????????????? | | ??# # ###########????? | | ########## # = #????? | | # # # "T" #????? | | ? # # #????? | | ? """ # # [ """" ?????? | | # """ # # """" ?????? | | # """ + / """" ?????? | | # """ # # #????? | | # """ # # #????? | | # # ###########????? | | #= # #??????????????? | | ########## #??????????????? | | ?????????# #??????????????? | | ?????????# #??????????????? | | ?????????# #??????????????? | | ?????????# #??????????????? | | ?????????# #??????????????? | | ??######## #??????????????? | | ??# ! # #??????????????? | | ??# # #??????????????? | | ??# + #??????????????? | | ??# # #??????????????? | | ??# "T" # #??????????????? | | ??# # #??????????????? | +----------------------------------------------------+ Best States ------------- Heat Dissipation 45 Energy Generation 15 Energy Capacity 150 Matter Stores 234 Matter Capacity 300 Sight Range 16 Terrain Scan Density 10 Evasion (%) 62 Recoil Reduction 2 Item Schematics ----------------- Flight Unit | -9/Materials | Scanalyzed Robot Schematics ------------------ None Fabricated ------------ Nothing Repaired ---------- Imp. Heat Sink | 27% | -10/Materials Studied --------- Flight Unit | -9/Materials | Hacked Alien Tech Used ----------------- None Achievements -------------- None Challenges ------------ None Game ------ Seed SiegeCommPlatform Manual? 0 Play Time 00:09:40 Cumulative 8.1 hours Start 2026.01.26 @ 22:06:51 End 2026.01.26 @ 22:15:52 Sessions 1 Manual Loads 0 Difficulty Rogue Special Mode None Game No. 43 Rogue 43 Adventurer 0 Explorer 0 Win Type - Total 0 Types 0/0/0/0/0/0/0/0/0/0 Lore% 12 Gallery% 12 Achievement% 13 Wizard Run 0 Options --------- Layout 1 ASCII 0 Keyboard 0 Movement Numpad Keybinds 0 Fullscreen 1 Font 24/Smallcaps Map View 50x35 Zoom Use 0% Tactical HUD 0 Map Filters NONE Filters NONE Steam 1 RUN: 2f7550d1-3398-4a7e-82dd-e136004a7585